 Dungeon Crawl Stone Soup version 0.15-a0-462-gf669498 (webtiles) character file.

2474 Infinimo the Firebug (level 9, -15/62 HPs)
             Began as a Hill Orc Fire Elementalist on May 7, 2014.
             Was a Believer of Vehumet.
             Demolished by an orange rat (17 damage)
             ... on Level 7 of the Dungeon.
             The game lasted 00:20:42 (10065 turns).

Infinimo the Firebug (Hill Orc Fire Elementalist)  Turns: 10065, Time: 00:20:42

HP -15/62        AC  5     Str 11      XL: 9   Next: 31%
MP   5/21        EV 12     Int 15      God: Vehumet [**....]
Gold 323         SH  0     Dex 13      Spells:  3 memorised, 10 levels left

rFire  + . .     SeeInvis .     x - +8,+10 flail "Thruegif" {flame, Int+1}
rCold  . . .     Clarity  .     a - +1 robe
rNeg   + . .     Conserve .     (no shield)
rPois  .         rCorr    .     (helmet restricted)
rElec  .         rRot     .     s - +0 cloak
SustAb . .       Spirit   .     E - +0 pair of gloves
rMut   .         Warding  +     (no boots)
Saprov + . .     Stasis   .     t - amulet of warding
MR     .....                    q - ring of wizardry
                                i - ring of protection from fire

@: very slightly contaminated, drained, not resistant to hostile enchantments,
unstealthy
A: horns 1, agile 1, dopey 2, mutation resistance 1, saprovore 1
a: Renounce Religion


You were on level 7 of the Dungeon.
You worshipped Vehumet.
Vehumet was pleased with you.
You were not hungry.

You visited 2 branches of the dungeon, and saw 8 of its levels.

You collected 482 gold pieces.
You spent 159 gold pieces at shops.

Inventory:

Hand weapons
 x - the +8,+10 flail "Thruegif" (weapon) {flame, Int+1}
   (You found it on level 7 of the Dungeon)

   It emits flame when wielded, causing extra injury to most foes and up to
   double damage against particularly susceptible opponents.
   It affects your intelligence (+1).
Armour
 a - a +1 robe (worn)
 s - a +0 cloak (worn)
 E - a +0 pair of gloves (worn)
Magical devices
 e - a wand of cold (5)
 C - a wand of digging (13)
Comestibles
 c - 4 meat rations
 f - an apple
 g - 3 chokos
 h - a cheese
 n - 8 bread rations
 o - a pear
 v - 12 strawberries
 A - a lemon
Scrolls
 d - 5 scrolls of identify
 k - 2 scrolls of blinking
 p - 3 scrolls of remove curse
 r - a scroll of immolation
 w - a scroll of enchant weapon II
 y - 4 scrolls of magic mapping
 z - a scroll of fear
Jewellery
 i - a ring of protection from fire (left hand)
 q - a ring of wizardry (right hand)
 t - an amulet of warding (around neck)
 D - an uncursed amulet of the gourmand {unknown}
Potions
 j - a potion of berserk rage
 l - a potion of heal wounds
 m - 5 potions of curing
 u - 2 potions of restore abilities
 B - a potion of haste
Books
 b - a book of Flames

   Spells                             Type                      Level
   *Flame Tongue                      Conjuration/Fire             1
   Throw Flame                        Conjuration/Fire             2
   *Conjure Flame                     Conjuration/Fire             3
   Inner Flame                        Hexes/Fire                   3
   *Sticky Flame                      Conjuration/Fire             4
   Fireball                           Conjuration/Fire             5


   Skills:
 - Level 1.5(1.1) Dodging
 - Level 1.5(1.1) Stealth
 - Level 5.2(4.8) Spellcasting
 + Level 7.7(7.3) Conjurations
 + Level 7.9(7.5) Fire Magic


You had 10 spell levels left.
You knew the following spells:

 Your Spells              Type           Power        Failure   Level  Hunger
a - Flame Tongue          Conj/Fire      ####.        1%          1    None
b - Conjure Flame         Conj/Fire      ####....     1%          3    ###....
c - Sticky Flame          Conj/Fire      ####....     4%          4    ####...


Dungeon Overview and Level Annotations

Branches:
Dungeon (7/15)             Temple (1/1) D:4

Altars:
Ashenzari
Cheibriados
Elyvilon
Fedhas
Kikubaaqudgha
Makhleb
Nemelex Xobeh
Okawaru
Trog
Vehumet
Xom
Yredelemnul
Zin
The Shining One

Shops:
D:7 *


Innate Abilities, Weirdness & Mutations

You can tolerate rotten meat.
You have a pair of small horns on your head.
You are agile. (Dex +2)
You are very dopey. (Int -4)
You are somewhat resistant to further mutation.


Message History

Press: ? - help, Dir - move target cursor, p - orange rat
As you read the scroll of blinking, it crumbles to dust.
You are very lightly contaminated with residual magic.
Casting: Flame Tongue
Confirm with . or Enter, or press ? or * to list all spells.
Aiming: Conjure Flame
Press: ? - help, Dir - move target cursor, f - you
Okay, then.
Casting: Conjure Flame
Confirm with . or Enter, or press ? or * to list all spells.
Okay, then.
Unknown command.
Casting: Conjure Flame
Confirm with . or Enter, or press ? or * to list all spells.
Aiming: Sticky Flame
Press: ? - help, Shift-Dir - straight line, f - orange rat
Aim: an orange rat (severely wounded)
You miscast Sticky Flame.
Your skin glows momentarily.
The orange rat bites you!
You die...

..)###.###..# #...........#
..##.....##.# #...........#
..##.....##.# #.....(.....#
..##.....##.# #...........#
..##.....##.# #...........#
..##.....##.# #...........#
..##.....##.# #.(.........#
...#######..#######...........###
....#####.......@................
..........?......r...............
.................................
....................%...#######..
....................r.#####r.%##.
......................###r%r.r%#.
####################...#%# ##
##.#.## #####


You could see an orange rat and a green rat.

Vanquished Creatures
  An ice beast (D:6)
  A necrophage (D:7)
  An orc warrior (D:6)
  3 sky beasts
  A black bear (D:7)
  A giant frog (D:6)
  A big kobold (D:3)
  2 gnoll sergeants (D:7)
  A scorpion (D:6)
  A cyclops skeleton (D:5)
  A crimson imp (D:6)
  A giant frog zombie (D:7)
  A jelly (D:7)
  2 gnoll shamans (D:7)
  2 orc priests (D:6)
  4 hounds
  A giant frog skeleton (D:4)
  4 orc wizards
  An iguana (D:6)
  2 worker ants
  Ijyb (D:6)
  A big kobold skeleton (D:6)
  12 adders
  A green rat (D:7)
  27 gnolls
  A shadow imp (D:7)
  2 giant mites
  2 worms
  An adder zombie (D:6)
  An adder skeleton (D:4)
  5 giant geckos
  3 oozes
  22 orcs
  15 bats
  15 goblins
  9 hobgoblins
  15 jackals
  2 quokkas
  6 ball pythons
  3 giant newts
  A jackal skeleton (D:6)
  6 kobolds
  A kobold skeleton (D:4)
  An orc skeleton (D:4)
  A quokka zombie (D:5)
  15 rats
  2 rat skeletons
203 creatures vanquished.

Vanquished Creatures (others)
  4 toadstools (D:1)
4 creatures vanquished.

Grand Total: 207 creatures vanquished

Notes
Turn   | Place    | Note
--------------------------------------------------------------
     0 | D:1      | Infinimo, the Hill Orc Fire Elementalist, began the quest for the Orb.
     0 | D:1      | Reached XP level 1. HP: 14/14 MP: 2/2
   366 | D:1      | Reached XP level 2. HP: 20/20 MP: 0/3
   934 | D:1      | HP: 1/20 [hobgoblin (3)]
   940 | D:1      | Reached XP level 3. HP: 1/26 MP: 0/5
  1309 | D:2      | Reached skill level 4 in Fire Magic
  1953 | D:2      | Learned a level 3 spell: Conjure Flame
  2169 | D:2      | Reached XP level 4. HP: 26/33 MP: 4/6
  3133 | D:3      | Reached XP level 5. HP: 28/38 MP: 2/7
  3583 | D:3      | Reached skill level 5 in Fire Magic
  3835 | D:3      | Noticed a big kobold
  3845 | D:3      | Killed a big kobold
  3845 | D:3      | Reached XP level 6. HP: 29/45 MP: 1/9
  3851 | D:3      | Learned a level 4 spell: Sticky Flame
  4948 | D:4      | Found an iron altar of Okawaru.
  4998 | D:4      | Gained mutation: You are agile. (Dex +2) [potion of mutation]
  4998 | D:4      | Gained mutation: You have a pair of small horns on your head. [potion of mutation]
  4998 | D:4      | Gained mutation: You are dopey. (Int -2) [potion of mutation]
  5220 | D:4      | Reached skill level 5 in Conjurations
  5370 | D:4      | Found a staircase to the Ecumenical Temple.
  5585 | Temple   | Entered the Ecumenical Temple
  5857 | Temple   | Became a worshipper of Vehumet
  5903 | D:5      | Entered Level 5 of the Dungeon
  5910 | D:5      | Found an ancient bone altar of Kikubaaqudgha.
  6425 | D:5      | Reached XP level 7. HP: 42/50 MP: 2/14
  6807 | D:5      | Found a blossoming altar of Fedhas.
  6887 | D:5      | Gained mutation: You are very dopey. (Int -4) [potion of mutation]
  6887 | D:5      | Gained mutation: You are somewhat resistant to further mutation. [potion of mutation]
  7626 | D:6      | Reached skill level 5 in Spellcasting
  7626 | D:6      | Reached XP level 8. HP: 29/57 MP: 6/20
  7697 | D:6      | Acquired Vehumet's first power
  7697 | D:6      | Offered knowledge of Freeze by Vehumet.
  7722 | D:6      | Found a glowing drain.
  8565 | D:6      | Noticed Ijyb
  8576 | D:6      | Killed Ijyb
  8631 | D:6      | Reached skill level 6 in Conjurations
  9130 | D:7      | Offered knowledge of Sandblast by Vehumet.
  9157 | D:7      | Reached skill level 7 in Fire Magic
  9232 | D:7      | Reached XP level 9. HP: 54/62 MP: 10/21
  9529 | D:7      | Got a bone flail
  9530 | D:7      | Identified the +8,+10 flail "Thruegif" {flame, Int+1} (You found it on level 7 of the Dungeon)
  9609 | D:7      | Found Klocwiwn's Assorted Antiques.
  9616 | D:7      | Bought a scroll labeled STEIHI TAVIH for 27 gold pieces
  9616 | D:7      | Bought a murky cyan potion for 24 gold pieces
  9616 | D:7      | Bought a wooden wand for 108 gold pieces
 10057 | D:7      | HP: 1/62 [orange rat (12)]
 10065 | D:7      | Demolished by an orange rat

Action                   |  1- 3 |  4- 6 |  7- 9 || total
-------------------------+-------+-------+-------++-------
Melee: Unarmed           |     9 |       |       ||     9
       Short sword       |    36 |    17 |   210 ||   263
       Flail             |       |       |     4 ||     4
 Cast: Flame Tongue      |    43 |   147 |   296 ||   486
       Sticky Flame      |       |     3 |    12 ||    15
       Conjure Flame     |       |       |     2 ||     2
Evoke: Wand              |       |       |     2 ||     2
  Use: Scroll            |       |    13 |     4 ||    17
       Potion            |       |     8 |     5 ||    13
